 Dungeon Crawl Stone Soup version 0.30-a0-651-g0755cc6dcf (console) character file.

Game seed: 18143641010293757922

335 Ignak the Ogre Mage (level 6, 0/88 HPs)
             Began as an Ogre Hedge Wizard on Jan 18, 2023.
             Succumbed to a gnoll's poison
             ... on level 3 of the Dungeon.
             The game lasted 00:10:25 (2464 turns).

Ignak the Ogre Mage (Ogre Hedge Wizard)             Turns: 2464, Time: 00:10:26

Health: 0/88       AC: 23    Str: 17    XL:     6   Next: 53%
Magic:  2/12       EV:  1    Int: 15    God:
Gold:   17         SH:  0    Dex:  8    Spells: 3/13 levels left

rFire   . . .      SeeInvis .    o - +0 morningstar
rCold   . . .      Faith    .    (no shield)
rNeg    + . .      Spirit   .    (body armour currently unavailable)
rPois   +          Reflect  .    (helmet currently unavailable)
rElec   .          Harm     .    (cloak currently unavailable)
rCorr   +          Rampage  .    (gloves unavailable)
Will    .....      NoTele   +    (boots unavailable)
Stlth   ++                       (no amulet)
HPRegen 0.34/turn                j - ring of resist corrosion
MPRegen 0.13/turn                m - ring of positive energy

@: lethally poisoned (0 -> -3), tree-form, very slightly contaminated
A: stationary, stasis, torment immunity, boosted hp, large, unfitting armour,
(tough skin 1)
a: no special abilities


You were on level 3 of the Dungeon.
You were a tree.
You visited 1 branch of the dungeon, and saw 4 of its levels.

You collected 107 gold pieces.
You spent 90 gold pieces at shops.

Inventory:

Hand Weapons
 o - a +0 morningstar (weapon)
Armour
 b - a +0 robe (melded)
 c - a +1 hat (melded)
Jewellery
 j - a ring of resist corrosion (left branch)
 m - a ring of positive energy (right branch)
Scrolls
 a - a scroll of poison {unknown}
 g - 3 scrolls of teleportation {unknown}
 h - a scroll of identify {unknown}
 n - 2 scrolls of enchant armour
 p - 2 scrolls of magic mapping
Potions
 d - a potion of mutation {unknown}
 f - a potion of flight {unknown}
 i - a potion of ambrosia {unknown}
 k - a potion of cancellation {unknown}
 l - a potion of might {unknown}
 q - a potion of heal wounds {unknown}
 r - a potion of curing {unknown}


   Skills:
 * Level 2.5 Fighting
 * Level 1.8 Maces & Flails
 + Level 1.3 Armour
 + Level 2.4 Dodging
 - Level 2.0 Stealth
 - Level 1.0 Unarmed Combat
 + Level 4.3 Spellcasting
 + Level 1.7 Conjurations
 - Level 0.9 Summonings
 + Level 1.8 Translocations
 + Level 0.6 Air Magic
 + Level 1.0 Earth Magic
 + Level 0.7 Poison Magic


You had 3 spell levels left.
You knew the following spells:

 Your Spells              Type           Power      Damage    Failure   Level
a - Magic Dart            Conj           32%        1d4       9%          1
b - Blink                 Tloc           16%        N/A       12%         2
d - Mephitic Cloud        Conj/Pois/Air  6%         N/A       34%         3
e - Call Imp              Summ           6%         N/A       19%         2
t - Passwall              Tmut/Erth      3%         N/A       22%         2

Your spell library contained the following spells:

 Spells                   Type           Power      Damage    Failure   Level
 Slow                     Hex            12%        N/A       19%         1
 Cigotuvi's Dreadful Rot  Necr/Pois/Air  8%         N/A       22%         2
 Ensorcelled Hibernation  Hex/Ice        6%         N/A       26%         2
 Swiftness                Air            5%         N/A       38%         3


Dungeon Overview and Level Annotations

Branches:
Dungeon (4/15)
 Temple: D:4-7

Altars:
Dithmenos
Qazlal
Trog
Xom

Shops:
D:2 ?


Innate Abilities, Weirdness & Mutations

You are a tree.
Your roots penetrate the ground, keeping you stationary.
You cannot be teleported.
You are immune to unholy pain and torment.
Your maximum health is greatly increased.
Your equipment is partially melded.
You are too large for most types of armour.
((You have tough skin. (AC +1)))


Message History

The gnoll attacks as you move away! The gnoll barely misses you.
Your crimson imp hits the endoplasm.
The gnoll hits your crimson imp with a +0 hand axe.
Your crimson imp disappears in a puff of smoke!
There is an open door here.
Press: ? - help, v - describe, . - travel
Here: a gnoll, wielding a +0 flail (moderately wounded)
The floor.
Press: ? - help, v - describe, . - travel
Here: a gnoll, wielding a +0 flail (moderately wounded)
The floor.
Okay, then.
You puncture the gnoll!
You kill the gnoll!
The endoplasm attacks as you move away! The endoplasm closely misses you.
The gnoll throws a poisoned dart.
The poisoned dart hits you!
You are lethally poisoned!
There is a stone staircase leading up here.
* * * LOW HITPOINT WARNING * * *
You feel very sick. The endoplasm freezes you.
You are frozen.
* * * LOW HITPOINT WARNING * * *
You climb upwards.
* * * LOW HITPOINT WARNING * * *
You feel very sick.
There is a stone staircase leading down here.
Okay, then.
Casting: Mephitic Cloud (dangerous; 34% risk of failure)
Confirm with . or Enter, or press ? or * to list all spells.
Okay, then.
It was a potion of lignification.
You turn into a tree.
Your +1 hat melds into your body.
Your +0 robe melds into your body.
Your roots penetrate the ground.
* * * LOW HITPOINT WARNING * * *
You feel sick.
The endoplasm hits you but does no damage.
You puncture the endoplasm!
You kill the endoplasm!
You die...

#...## ##.#.##
#....###.....#
##.##.#......###
#.###.........# ###.#
###.....#.# #...#
#.....#.# ####.####
###.####.### ##.......#
#.....##.... #.....♣..#
#.....##..## #..##.#..#
#.....##.... #..#..#..#
#.....###.## #..#.##..#
#.....# #.## #...[....#
####### #.## #.......##
#... #.......#
##########
#.##.##.######......# #
#.##.##.#.........#.###


There were no monsters in sight!

Vanquished Creatures
  2 black bears (D:4)
  An iguana (D:4)
  4 gnolls
  2 dart slugs
  6 bats
  4 endoplasms
  A giant cockroach (D:3)
  4 hobgoblins
  A quokka (D:1)
  4 ball pythons
  A frilled lizard (D:1)
  7 goblins
  3 kobolds
  6 rats
46 creatures vanquished.

Vanquished Creatures (collateral kills)
  Jessica (D:2)
  A gnoll (D:2)
  A worm (D:4)
  2 bats
  An endoplasm (D:1)
  A giant cockroach (D:1)
  A hobgoblin (D:1)
  A ball python (D:3)
  2 frilled lizards (D:2)
11 creatures vanquished.

Grand Total: 57 creatures vanquished

Notes
Turn   | Place    | Note
-------+----------+-------------------------------------------
     0 | D:1      | Ignak the Ogre Hedge Wizard began the quest for the Orb.
     0 | D:1      | Reached XP level 1. HP: 16/16 MP: 5/5
    34 | D:1      | Reached skill level 1 in Translocations
    54 | D:1      | Reached skill level 1 in Conjurations
   314 | D:1      | Reached XP level 2. HP: 17/24 MP: 6/6
   387 | D:1      | Learned a level 2 spell: Blink
   390 | D:1      | Learned a level 2 spell: Call Imp
   393 | D:1      | Learned a level 2 spell: Passwall
   875 | D:2      | Found Reasiwo's Magic Scroll Boutique.
   913 | D:2      | Found a shimmering altar of Xom.
   915 | D:2      | Reached XP level 3. HP: 32/32 MP: 8/8
  1349 | D:2      | Reached skill level 1 in Fighting
  1349 | D:2      | Reached XP level 4. HP: 37/41 MP: 2/9
  1451 | D:2      | Noticed Jessica
  1471 | D:2      | Learned a level 3 spell: Mephitic Cloud
  1484 | D:2      | Killed Jessica
  1485 | D:2      | Reached skill level 1 in Maces & Flails
  1485 | D:2      | Reached skill level 4 in Spellcasting
  1646 | D:3      | Found a bloodstained altar of Trog.
  1677 | D:2      | Bought a scroll of magic mapping for 90 gold pieces
  1719 | D:3      | Found a shadowy altar of Dithmenos.
  1725 | D:3      | Found a stormy altar of Qazlal.
  2333 | D:4      | Noticed a black bear
  2375 | D:4      | Killed a black bear
  2376 | D:4      | Reached skill level 1 in Armour
  2376 | D:4      | Reached skill level 1 in Unarmed Combat
  2376 | D:4      | Reached XP level 5. HP: 42/49 MP: 5/11
  2394 | D:4      | Reached XP level 6. HP: 36/57 MP: 3/12
  2434 | D:4      | Noticed a black bear
  2440 | D:4      | Killed a black bear
  2444 | D:4      | Reached skill level 1 in Earth Magic
  2462 | D:3      | HP: 1/59 [poisoned by a gnoll]
  2464 | D:3      | Succumbed to a gnoll's poison

Illustrated notes

Levels and vault maps discovered:
D:1:      grunt_arrival_lava_bath, layout_basic
D:2:      layout_rooms, basic_altar, serial_shops,
          nicolae_shop_advertising_works [nicolae_subvault_shop_adworks],
          corexii_corridor_pit, kennysheep_another_room, uniq_jessica
D:3:      layout_loops_cross, grunt_temple_overflow_open
D:4:      layout_gridville, corexii_shack

Skill      XL: |  1  2  3  4  5  6 |
---------------+-------------------+-----
Translocations | 1 |  1.8
Conjurations   | 1 |  1.7
Dodging        | 2 |  2.4
Fighting       | 1 2 |  2.5
Maces & Flails | 1 |  1.8
Spellcasting   | 4 |  4.3
Armour         | 1 |  1.3
Stealth        | 2 |  2.0
Unarmed Combat | 1 |  1.0
Earth Magic    | 1 |  1.0
Summonings     | |  0.9
Air Magic      | |  0.6
Poison Magic   | |  0.7

Action                   |  1- 3 |  4- 6 || total
-------------------------+-------+-------++-------
Melee: Whip              |    25 |       ||    25
       Dagger            |     1 |       ||     1
       Club              |    23 |       ||    23
       Morningstar       |    37 |    52 ||    89
       Punch             |     1 |     1 ||     2
 Cast: Magic Dart        |    19 |       ||    19
       Call Imp          |     8 |     8 ||    16
       Passwall          |     1 |       ||     1
       Mephitic Cloud    |       |     3 ||     3
  Use: Scroll            |     3 |     1 ||     4
       Potion            |       |     2 ||     2
 Stab: Sleeping          |     2 |     1 ||     3
       Confused          |       |     3 ||     3
Armor: Robe              |    45 |    27 ||    72
       Skin              |       |     1 ||     1
Dodge: Dodged            |    70 |    47 ||   117

Table legend: (Time is in decaauts)
 A = Elapsed time spent in this place.
 B = Non-inter-level travel time spent in this place.
 C = Inter-level travel time spent in this place.
 D = Time resting spent in this place.
 E = Time spent auto-exploring this place.
 F = Levels seen in this place.
 G = Mean time per level.
                   A        B        C        D        E       F      G
               +--------+--------+--------+--------+--------+-----+--------+
         Total |   2511 |   2458 |     53 |    348 |   1134 |   4 |  627.8 |
       Dungeon |   2511 |   2458 |     53 |    348 |   1134 |   4 |  627.8 |
               +--------+--------+--------+--------+--------+-----+--------+

Top non-repeatable levels by time:
     D:1: 869 daAuts
     D:2: 843 daAuts
     D:3: 618 daAuts
     D:4: 179 daAuts
